 Dungeon Crawl Stone Soup version 0.29-a0-322-g68df515428 (webtiles) character file.

Game seed: 6436040561931808148

4 GigaChad the Skirmisher (level 1, 0/18 HPs)
             Began as a Demonspawn Chaos Knight on Apr 8, 2022.
             Was a Plaything of Xom.
             Slain by a hobgoblin (4 damage)
             ... on level 1 of the Dungeon.
             The game lasted 00:00:55 (163 turns).

GigaChad the Skirmisher (Demonspawn Chaos Knight)    Turns: 163, Time: 00:00:55

Health: 0/18       AC:  5    Str: 12    XL:     1   Next: 50%
Magic:  1/1        EV: 11    Int: 13    God:    Xom [..*...]
Gold:   14         SH:  0    Dex: 12    Spells: 0/0 levels left

rFire   . . .      SeeInvis .   a - +0 falchion (chaos)
rCold   . . .      Faith    .   (no shield)
rNeg    . . .      Spirit   .   b - +2 leather armour
rPois   .          Reflect  .   (no helmet)
rElec   .          Harm     .   (no cloak)
rCorr   .          Rampage  .   (no gloves)
Will    .....                   (no boots)
Stlth   +.........              (no amulet)
HPRegen 0.06/turn               (no ring)
MPRegen 0.07/turn               (no ring)

@: no status effects
A: no striking features
a: Renounce Religion


You were on level 1 of the Dungeon.
You worshipped Xom.
You were a toy of Xom.
You visited 1 branch of the dungeon, and saw 1 of its levels.

You collected 14 gold pieces.

Inventory:

Hand Weapons
 a - a +0 falchion of chaos (weapon)
 f - a +0 spear of flaming
Armour
 b - a +2 leather armour (worn)
 e - a +0 ring mail
Scrolls
 d - a scroll of immolation {unknown}
Miscellaneous
 c - a piece from Xom's chessboard (15/15) (quivered)


   Skills:
 + Level 3.0 Fighting
 + Level 2.9 Long Blades
 + Level 1.9 Armour
 + Level 0.8 Dodging


You couldn't memorise any spells.
You didn't know any spells.
Your spell library was empty.

Dungeon Overview and Level Annotations

Branches:
Dungeon (1/15)

Altars:


Message History

You barely miss the bat. The bat barely misses you. The bat closely misses you.
The bat barely misses you.
A hobgoblin comes into view.
The bat hits you but does no damage.
The hobgoblin shouts!
You are now a BORING thing.
The bat closely misses you. The bat completely misses you.
The bat closely misses you.
There is a stone staircase leading down here.
Xom's power touches on a nearby monster.
The bat flickers and vanishes!
Deactivating autopickup; reactivate with Ctrl-A.
You are now a toy of Xom.
Something hits you.
You miss something.
Something hits you but does no damage. x2
You barely miss the hobgoblin. Something hits you but does no damage.
The hobgoblin closely misses you.
You hit the hobgoblin.
The hobgoblin suddenly seems more agile.
Xom is amused.
The hobgoblin is heavily wounded.
Something hits you but does no damage.
The hobgoblin hits you but does no damage.
You miss the hobgoblin.
The hobgoblin is heavily wounded.
Something hits you but does no damage. The hobgoblin hits you.
The hobgoblin misses you.
You closely miss the hobgoblin.
The hobgoblin is heavily wounded.
Something hits you but does no damage. x2; The hobgoblin hits you.
* * * LOW HITPOINT WARNING * * *
You closely miss the hobgoblin.
The hobgoblin is heavily wounded.
Something hits you but does no damage. x2
The hobgoblin hits you but does no damage.
You hit the hobgoblin but do no damage.
The hobgoblin is heavily wounded.
Something hits you but does no damage. The hobgoblin hits you.
You die... "Boring in life, boring in death..."

...##...... #...#.######.......#
...#....##.####....####..##..###
...###...#..#####.....#.#....#
.....###. #...#...........##.####
##.....#..###...#..#..#..........
##....##........................
##...<#..........#.#.#..#......
#....#............#...##......
#......#......g@>####..####.....
.÷....###........## #..# #.....
÷...###...!....#.. #... ......
...# ......#...##. ...#. ......
#.. ......#.#. ###..... ......
#.. . ..#. #.#. ....... .. ## ..#


You could see a hobgoblin (agile).

Vanquished Creatures
  A ball python (D:1)
  An endoplasm (D:1)
  A quokka (D:1)
3 creatures vanquished.

Notes
Turn   | Place    | Note
-------+----------+-------------------------------------------
     0 | D:1      | GigaChad the Demonspawn Chaos Knight began the quest for
                  | the Orb.
     0 | D:1      | Reached XP level 1. HP: 18/18 MP: 1/1
   110 | D:1      | XOM: divination: detect items
   143 | D:1      | XOM: noise
   156 | D:1      | XOM is BORED!
   156 | D:1      | XOM: enchant monster (bad)
   163 | D:1      | Slain by a hobgoblin

Illustrated notes

Levels and vault maps discovered:
D:1:      amcnicky_arrival_wind_blow, layout_rooms,
          ebering_ecumenical_altar_sacrificial

Action                   || total
-------------------------++-------
Melee: Spear             ||    21
       Falchion          ||     8
       Punch             ||     1
Armor: Leather armour    ||    49
Dodge: Dodged            ||    48

Table legend: (Time is in decaauts)
 A = Elapsed time spent in this place.
 B = Non-inter-level travel time spent in this place.
 C = Inter-level travel time spent in this place.
 D = Time resting spent in this place.
 E = Time spent auto-exploring this place.
 F = Levels seen in this place.
 G = Mean time per level.
                   A        B        C        D        E       F      G
               +--------+--------+--------+--------+--------+-----+--------+
         Total |    165 |    165 |      0 |      0 |      0 |   1 |  165.0 |
       Dungeon |    165 |    165 |      0 |      0 |      0 |   1 |  165.0 |
               +--------+--------+--------+--------+--------+-----+--------+

Top non-repeatable levels by time:
     D:1: 165 daAuts
